 Dungeon Crawl Stone Soup version 0.29-a0-598-gd8304a5bf4 (webtiles) character file.

Game seed: 13788934987703755944

44 Vylera the Scratcher (level 3, -2/15 HPs)
             Began as a Felid Transmuter on June 16, 2022.
             Slain by a quokka (4 damage)
             ... on level 2 of the Dungeon.
             The game lasted 00:03:39 (1460 turns).

Vylera the Scratcher (Felid Transmuter)             Turns: 1460, Time: 00:03:39

Health: -2/15      AC:  1    Str:  6    XL:     3   Next: 39%
Magic:  6/7        EV: 18    Int: 16    God:
Gold:   12         SH:  0    Dex: 16    Spells: 5/6 levels left
                                        Lives:  0   Deaths: 0

rFire   . . .      SeeInvis +     - Unarmed
rCold   . . .      Faith    .   (shield unavailable)
rNeg    . . .      Spirit   .   (body armour unavailable)
rPois   .          Reflect  .   (helmet unavailable)
rElec   .          Harm     .   (cloak unavailable)
rCorr   .          Rampage  .   (gloves unavailable)
Will    .....                   (boots unavailable)
Stlth   +.........              (no amulet)
HPRegen 0.05/turn               (no ring)
MPRegen 0.10/turn               (no ring)

@: quick
A: very small, claws 1, fangs 3, see invisible, speed 1, shaggy fur 1, stealthy
paws, no weapons or thrown items, no armour, multi-lived
a: no special abilities


You were on level 2 of the Dungeon.
You visited 1 branch of the dungeon, and saw 2 of its levels.

You collected 12 gold pieces.

Inventory:

Scrolls
 b - a scroll of enchant weapon {unknown}
 c - 2 scrolls of identify {unknown}
Potions
 a - a potion of lignification
 d - a potion of degeneration {unknown}
 f - a potion of flight {unknown}


   Skills:
 - Level 1.0 Fighting
 + Level 3.3 Dodging
 * Level 3.6 Unarmed Combat
 - Level 2.0 Spellcasting
 * Level 3.1 Transmutations


You had 5 spell levels left.
You knew the following spells:

 Your Spells              Type           Power      Damage    Failure   Level
a - Beastly Appendage     Tmut           22%        N/A       5%          1

Your spell library contained the following spells:

 Spells                   Type           Power      Damage    Failure   Level
 Wereblood                Tmut           11%        N/A       9%          2
 Spider Form              Tmut/Pois      6%         N/A       32%         3
 Ice Form                 Ice/Tmut       6%         N/A       71%         4


Dungeon Overview and Level Annotations

Branches:
Dungeon (2/15)

Altars:


Innate Abilities, Weirdness & Mutations

You have sharp claws.
You have razor-sharp teeth.
You have supernaturally acute eyesight. (SInv)
You cover ground quickly. (Speed+)
You are covered in fur. (AC +1)
Your paws help you pounce on unaware monsters.
You are incapable of wielding weapons or throwing items.
You cannot wear armour.
You gain extra lives every three experience levels.


Message History

You scratch the adder. Your bite misses the adder.
The adder is heavily wounded.
You feel sick. The adder bites you.
* * * LOW HITPOINT WARNING * * *
Unknown command.
You feel better. The adder misses you. The adder bites you but does no damage.
You barely miss the adder. Your bite misses the adder.
The adder is heavily wounded.
The adder barely misses you.
You miss the adder. You headbutt the adder.
You kill the adder!
You barely miss the quokka. Your headbutt misses the quokka.
Your bite misses the quokka.
Your horns disappear.
The quokka bites you.
You scratch the quokka.
The quokka is heavily wounded.
The quokka bites you.
* * * LOW HITPOINT WARNING * * *
You scratch the quokka but do no damage.
You bite the quokka, but do no damage.
The quokka is heavily wounded.
The quokka bites you.
* * * LOW HITPOINT WARNING * * *
You barely miss the quokka.
The quokka is heavily wounded.
The quokka barely misses you.
You scratch the quokka.
The quokka is severely wounded.
The quokka misses you.
You closely miss the quokka.
The quokka is severely wounded.
The quokka misses you.
You closely miss the quokka.
The quokka is severely wounded.
The quokka closely misses you.
You closely miss the quokka. Your bite misses the quokka.
The quokka is severely wounded.
The quokka bites you.
You die...

#....##..#....##.
#....#......#
##..#..........
#.........>.....
#.##........####
###.#.##..##....#
.(........##......
........r.........
........#@#...###
...(....#.(..##
........##.......
........# .......
#######.. #.#....
##. ...... .>....
......


You could see a quokka.

Vanquished Creatures
  2 adders (D:2)
  A dart slug (D:1)
  A bat (D:1)
  3 endoplasms (D:1)
  4 goblins (D:1)
  2 hobgoblins
  3 jackals (D:1)
  2 kobolds (D:1)
  2 ball pythons (D:1)
  A rat (D:1)
21 creatures vanquished.

Notes
Turn   | Place    | Note
-------+----------+-------------------------------------------
     0 | D:1      | Vylera the Felid Transmuter began the quest for the Orb.
     0 | D:1      | Reached XP level 1. HP: 9/9 MP: 4/4
   544 | D:1      | Reached XP level 2. HP: 6/12 MP: 4/6
  1038 | D:1      | Found a faded altar of an unknown god.
  1449 | D:2      | Reached XP level 3. HP: 4/15 MP: 5/7
  1460 | D:2      | Slain by a quokka

Illustrated notes

Levels and vault maps discovered:
D:1:      dpeg_arrival_round_c, layout_loops_ring, basic_ecumenical_altar
D:2:      minmay_evil_eye, layout_rooms, minmay_pentomino_u4

Skill      XL: |  1  2 |
---------------+-------+-----
Dodging        | 3 |  3.3
Transmutations | 3 |  3.1
Fighting       | |  1.0
Unarmed Combat | |  3.6
Spellcasting   | |  2.0

Action                   || total
-------------------------++-------
Melee: Unarmed           ||    61
       Bite              ||     4
       Headbutt          ||     2
       Punch             ||     1
 Cast: Beastly Appendage ||     6
  Use: Potion            ||     2
 Stab: Sleeping          ||     2
Armor: Skin              ||     4
Dodge: Dodged            ||    45

Table legend: (Time is in decaauts)
 A = Elapsed time spent in this place.
 B = Non-inter-level travel time spent in this place.
 C = Inter-level travel time spent in this place.
 D = Time resting spent in this place.
 E = Time spent auto-exploring this place.
 F = Levels seen in this place.
 G = Mean time per level.
                   A        B        C        D        E       F      G
               +--------+--------+--------+--------+--------+-----+--------+
         Total |   1310 |   1273 |     37 |    239 |    844 |   2 |  655.0 |
       Dungeon |   1310 |   1273 |     37 |    239 |    844 |   2 |  655.0 |
               +--------+--------+--------+--------+--------+-----+--------+

Top non-repeatable levels by time:
     D:1: 1278 daAuts
     D:2: 32 daAuts
